Description

Gets 3 roaches making at 2:11, delaying speed and queens. This is an adjustment to arrive before early stargate units.

16 pool 15 hatch 16 gas

3 roaches 1-shot workers, so try to punish an early expand by killing as many workers as possible.

While attacking, follow up with queens, a 3rd hatch, and ling speed. You can make the decision to spend your gas either on ling speed or on morphing a 1-2 ravagers to heal an injured roach.

Replay - Fast 3-Roach Opener

Build Order

Get SALT Encoding   

  12  0:00  Drone  
  13  0:12  Overlord  
  13  0:16  Drone  
  14  0:30  Drone x2  
  16  0:41  Spawning Pool  
  15  1:03  Hatchery  
  14  1:06  Drone x2  
  16  1:13  Drone  
  17  1:21  Extractor  
  16  1:30  Roach Warren, Zergling x2  
  16  1:33  Drone  
  17  1:46  Overlord  
  19  2:11  Roach x3  
  17  1:55  Queen  
  25  2:17  Queen  
  27  2:24  Drone  
  28  2:35  Drone  
  30  2:39  Overlord  
  34  3:20  Hatchery  
Spawning Tool Build Advisor. Get it on Overwolf

Go to:

Details

  • Created by: alexwyler
  • Published on: Dec 18, 2020
  • Modified on: Dec 18, 2020
  • Patch: 4.11.0
  • Difficulty: Easy
Show
View Real Time Build Order
Export as new Build Order

Comments (0)

There are no comments. Be the first!

Create an account to comment!